 Dungeon Crawl Stone Soup version 0.25-a0-289-g406d6369f5 (webtiles) character file.

Game seed: 3310396042033207736, levelgen mode: deterministic

562 MoonlitKnight the Magician (level 7, -3/38 HPs)
             Began as a Deep Elf Fire Elementalist on Dec 13, 2019.
             Was an Initiate of Vehumet.
             Slain by a bullfrog skeleton (6 damage)
             ... on level 5 of the Dungeon.
             The game lasted 00:18:45 (5145 turns).

MoonlitKnight the Magician (DEFE)                   Turns: 5145, Time: 00:18:46

Health: -3/38      AC:  5    Str:  6    XL:     7   Next: 10%
Magic:  0/18       EV: 14    Int: 21    God:    Vehumet [......]
Gold:   148        SH:  0    Dex: 15    Spells: 5/18 levels left

rFire    . . .     SeeInvis .   k - +1 short sword
rCold    . . .     Gourm    .   (no shield)
rNeg     . . .     Faith    .   g - +0 leather armour
rPois    +         Spirit   .   (no helmet)
rElec    .         Reflect  .   (no cloak)
rCorr    .         Harm     .   n - +0 pair of gloves
MR       .....                  s - +0 pair of boots
Stlth    ++........             (no amulet)
HPRegen  0.12/turn              u - ring of poison resistance
MPRegen  0.16/turn              (no ring)

@: no status effects
A: no striking features
a: Renounce Religion


You were on level 5 of the Dungeon.
You worshipped Vehumet.
Vehumet was noncommittal.
You were not hungry.

You visited 2 branches of the dungeon, and saw 6 of its levels.

You collected 148 gold pieces.

Inventory:

Hand Weapons
 k - a +1 short sword (weapon)
Missiles
 t - 10 poisoned darts
 y - 8 atropa-tipped darts (quivered)
 z - 2 curare-tipped darts
Armour
 a - a +0 robe
 g - a +0 leather armour (worn)
 n - a +0 pair of gloves (worn)
 s - a +0 pair of boots (worn)
Jewellery
 u - a ring of poison resistance (left hand)
Scrolls
 d - 3 scrolls of remove curse
 e - a scroll of amnesia {unknown}
 f - 2 scrolls of enchant weapon
 i - a scroll of immolation {unknown}
 j - a scroll of fear {unknown}
 l - 2 scrolls of magic mapping {unknown}
 o - 2 scrolls of teleportation {unknown}
 r - 2 scrolls of random uselessness {unknown}
 x - a scroll of enchant armour {unknown}
 A - a scroll of identify
Potions
 b - a potion of curing {unknown}
 m - a potion of berserk rage
 p - 4 potions of might
 q - a potion of heal wounds
 v - a potion of resistance {unknown}
 B - a potion of flight {unknown}
Comestibles
 c - 7 rations
 h - 2 chunks of flesh


   Skills:
 + Level 1.1 Fighting
 + Level 5.2 Dodging
 - Level 2.4 Stealth
 + Level 6.0 Spellcasting
 + Level 4.5 Conjurations
 - Level 4.1 Fire Magic


You had 5 spell levels left.
You knew the following spells:

 Your Spells              Type           Power        Failure   Level  Hunger
a - Foxfire               Conj/Fire      ###.         2%          1    None
b - Conjure Flame         Conj/Fire      ###.....     8%          3    ##.....
c - Sticky Flame          Conj/Fire      ###.....     26%         4    ####...
d - Fireball              Conj/Fire      ###.......   58%         5    #####..

Your spell library contained the following spells:

 Spells                   Type           Power        Failure   Level  Hunger
 Inner Flame              Hex/Fire       ###.....     21%         3    ##.....


Dungeon Overview and Level Annotations

Branches:
Dungeon (5/15)             Temple (1/1) D:5

Altars:
Ashenzari
Cheibriados
Fedhas
Nemelex Xobeh
Uskayaw
Vehumet
Wu Jian
Xom
Yredelemnul


Message History

Confirm with . or Enter, or press ? or * to list all spells.
You conjure some foxfire!
The bullfrog skeleton hits you but does no damage.
The foxfire hits the orc priest!
You kill the orc priest!
Vehumet accepts your kill.
Your Spellcasting skill increases to level 6!
Casting: Foxfire (safe; 2% risk of failure)
Confirm with . or Enter, or press ? or * to list all spells.
Aiming: Sticky Flame (quite dangerous; 26% risk of failure)
Press: ? - help, Shift-Dir - straight line, f - bullfrog skeleton
Aim: a bullfrog skeleton (moderately damaged)
The sticky flame hits the bullfrog skeleton.
The bullfrog skeleton is heavily damaged.
The bullfrog skeleton is covered in liquid flames!
The bullfrog skeleton burns!
The foxfire hits the bullfrog skeleton.
The bullfrog skeleton is almost destroyed.
The bullfrog skeleton completely misses you.
The bullfrog skeleton hits you.
You die...

###.### ##)### #.#
#.)# ##.## #.##
#<..# #o# #...#
#)# #...# #.#
##...##### ##)##
.........#####..)#
.............>.Z@#
.........####....#
......#### #..###
.#....# #..#
.#.<..# #..#
.#....# #...
......# .....
.##.### ##.#.#
..#.#


You could see an orc and a bullfrog skeleton (burning).

Vanquished Creatures
  An ogre (D:5)
  2 howler monkeys
  A hound (D:5)
  A centaur skeleton (D:5)
  3 orc priests (D:5)
  An orc wizard (D:4)
  2 worker ants
  A hound skeleton (D:3)
  7 adders
  An ooze (D:1)
  An adder zombie (D:4)
  2 worms
  A dart slug (D:1)
  5 leopard geckos
  9 orcs
  2 ball pythons
  10 bats
  4 giant cockroaches
  7 hobgoblins
  10 jackals
  7 kobolds
  2 quokkas (D:3)
  6 frilled lizards
  3 goblins
  A leopard gecko skeleton (D:4)
  6 rats
96 creatures vanquished.

Vanquished Creatures (others)
  238 foxfires
238 creatures vanquished.

Grand Total: 334 creatures vanquished

Notes
Turn   | Place    | Note
-------+----------+-------------------------------------------
     0 | D:1      | MoonlitKnight the Deep Elf Fire Elementalist began the
                  | quest for the Orb.
     0 | D:1      | Reached XP level 1. HP: 10/10 MP: 6/6
   152 | D:1      | Reached XP level 2. HP: 15/15 MP: 6/8
   793 | D:1      | Reached XP level 3. HP: 19/19 MP: 7/10
  1263 | D:2      | Learned a level 3 spell: Conjure Flame
  1756 | D:2      | Reached XP level 4. HP: 24/24 MP: 8/11
  1775 | D:2      | Learned a level 4 spell: Sticky Flame
  2000 | D:3      | Found an ornate altar of the Wu Jian Council.
  2041 | D:3      | Reached skill level 4 in Spellcasting
  2181 | D:3      | Found a hide-covered altar of Uskayaw.
  3096 | D:3      | Reached XP level 5. HP: 8/28 MP: 8/13
  3786 | D:4      | Reached skill level 5 in Spellcasting
  4172 | D:4      | Learned a level 5 spell: Fireball
  4319 | D:5      | Entered Level 5 of the Dungeon
  4328 | D:5      | Found a staircase to the Ecumenical Temple.
  4336 | Temple   | Entered the Ecumenical Temple
  4374 | Temple   | Became a worshipper of Vehumet
  4412 | D:5      | Reached XP level 6. HP: 8/32 MP: 2/15
  4727 | D:5      | Reached skill level 5 in Dodging
  5079 | D:5      | Reached skill level 1 in Fighting
  5079 | D:5      | Reached XP level 7. HP: 7/38 MP: 4/17
  5144 | D:5      | Reached skill level 6 in Spellcasting
  5145 | D:5      | Slain by a bullfrog skeleton

Levels and vault maps discovered:
D:1:      erik_arrival_blinker_ship, layout_basic
D:2:      layout_basic
D:3:      layout_basic, eat_drink_and_be_merry_uskayaw,
          nicolae_overflow_crystal_walls
D:4:      layout_basic
D:5:      layout_loops_cross, minmay_temple_entry_slanted, first_ration
Temple:   jpeg_temple_clearing

Skill      XL: |  1  2  3  4  5  6  7 |
---------------+----------------------+-----
Dodging        | 3 4 5 |  5.2
Conjurations   | 2 3 4 |  4.5
Spellcasting   | 4 5 6 |  6.0
Fire Magic     | 4 |  4.1
Fighting       | 1 |  1.1
Stealth        | |  2.4

Action                   |  1- 3 |  4- 6 |  7- 9 || total
-------------------------+-------+-------+-------++-------
Melee: Short sword       |    16 |    50 |       ||    66
Throw: Dart              |       |     6 |       ||     6
 Cast: Foxfire           |    54 |    76 |     7 ||   137
       Conjure Flame     |     1 |    10 |     1 ||    12
       Sticky Flame      |       |     5 |     1 ||     6
  Use: Scroll            |       |     9 |       ||     9
       Potion            |       |     1 |       ||     1
 Stab: Sleeping          |     1 |     1 |       ||     2
  Eat: Chunk             |     2 |    11 |     1 ||    14
Armor: Leather armour    |    19 |    26 |     1 ||    46
Dodge: Dodged            |    48 |    68 |     1 ||   117

Table legend:
 A = Non-vault XP
 B = Vault XP
 C = Vault XP percentage of total XP
 D = Non-vault monster count
 E = Vault monster count
 F = Vault count percentage of total count
                 A         B        C        D         E       F
            +---------+---------+-------+---------+---------+-------
      Total |     803 |       0 |   0.0 |      96 |       0 |   0.0
            +---------+---------+-------+---------+---------+-------
        D:1 |      53 |       0 |   0.0 |      27 |       0 |   0.0
        D:2 |      45 |       0 |   0.0 |      14 |       0 |   0.0
        D:3 |     159 |       0 |   0.0 |      22 |       0 |   0.0
        D:4 |     149 |       0 |   0.0 |      20 |       0 |   0.0
        D:5 |     397 |       0 |   0.0 |      13 |       0 |   0.0
            +---------+---------+-------+---------+---------+-------
